AoeStats
← bene_solar

Nomad

510194216Analyzed
2v2 RM · 13h ago on Sep 29, 2026· 24m 13s· 4 players
Game mode
Random Map
Map size
176×176
Population
200
Speed
Normal
Resources
Standard
Victory
Conquest
Starting age
Dark Age
Ending age
Imperial Age
RankedLock teamsTeams togetherTeam positionsShared explorationLock speedFull tech treeHidden civsTurbo modeCheats
Victory
Defeat
🇪🇸 Saxons · Spain
906
+16
🇪🇸 Italians · Spain
897
+16
🇹🇷 Gurjaras · Türkiye
918
-16
🇩🇪 Persians · Germany
892
-16
bene_solar
12:19 Feudal Age
12:51 Loom
13:43 Wheelbarrow
13:28 Double-Bit Axe
20:27 Castle Age
19:23 Fishing Lines
19:34 Town Watch
19:43 Stone Mining
21:15 Fletching
23:59 Gold Mining
Ke Wai Gon
4:16 Loom
13:53 Feudal Age
15:31 Double-Bit Axe
18:00 Wheelbarrow
21:12 Castle Age
20:24 Town Watch
20:29 Fishing Lines
20:28 Man-at-Arms
20:54 Arson
22:16 Squires
22:02 Gambesons
22:51 Hand Cart
Creavite
5:46 Loom
14:47 Feudal Age
19:34 Castle Age
19:07 Horse Collar
21:13 Double-Bit Axe
22:10 Heavy Plow
23:59 Stone Mining
S2ci Senior
14:40 Feudal Age
15:52 Double-Bit Axe
17:20 Wheelbarrow
22:19 Castle Age
21:31 Forging
25:00 Hand Cart
Connection lost

Rejoining the realm…

Still unreachable

The connection could not be restored.

Session expired

The server has moved on; the page needs a fresh start.